Construct Section Command Post
Selects Australian Defense Battlegroup
Selects Australian Light Infantry Section
Australian Light Infantry Section
Australian Light Infantry Section
Construct Platoon Command Post
Selects CMP 15cwt Supply Run
Australian Light Infantry Section
6-pounder Anti-tank Gun Team
Unlock Bishop Self-propelled Artillery
Selects Reinforced Resource Caches
Selects Artillery Trip Wire Flares
Bishop Self-propelled Artillery
Construct Company Command Post
Selects Archer Tank Destroyer